 Dungeon Crawl Stone Soup version 0.18-b1-22-ge198996 (webtiles) character file.

1613 Rekenzichi the Cleaver (level 8, -10/56 HPs)
             Began as a Demonspawn Gladiator on May 5, 2016.
             Was a Believer of Okawaru.
             Mangled by Menkaure (18 damage)
             ... on level 5 of the Dungeon.
             The game lasted 00:24:27 (5216 turns).

Rekenzichi the Cleaver (Demonspawn Gladiator)       Turns: 5216, Time: 00:24:27

Health: -10/56     AC: 17    Str: 17    XL:     8   Next: 64%
Magic:  8/8        EV: 10    Int: 11    God:    Okawaru [**....]
Gold:   305        SH:  0    Dex: 13    Spells: 0 memorised, 7 levels left

rFire  . . .     SeeInvis .     z - +1 mace (protect)
rCold  . . .     Gourm    .     D - +0 scale mail
rNeg   . . .     Faith    .     (no shield)
rPois  .         Spirit   .     (helmet restricted)
rElec  .         Dismiss  .     A - +0 cloak
rCorr  .         Reflect  .     (no gloves)
SustAt .         Harm     .     B - +1 pair of boots
MR     .....                    (no amulet)
Stlth  ..........               (no ring)
                                (no ring)

@: not resistant to hostile enchantments, extremely unstealthy
A: antennae 2, molten scales 1, rot immunity
a: Heroism, Renounce Religion


You were on level 5 of the Dungeon.
You worshipped Okawaru.
Okawaru was pleased with you.
You were not hungry.

You visited 2 branches of the dungeon, and saw 7 of its levels.

You collected 305 gold pieces.

Inventory:

Hand Weapons
 a - a +0 war axe
 p - a +2 dagger of venom
 z - a +1 mace of protection (weapon)
 G - a +1 blowgun
Missiles
 d - 3 throwing nets (quivered)
 q - 70 poisoned needles
Armour
 b - a +0 leather armour
 c - a +0 helmet
 h - a +0 plate armour
 A - a +0 cloak (worn)
 B - a +1 pair of boots (worn)
 D - a +0 scale mail (worn)
 E - a +0 chain mail
Wands
 o - a wand of teleportation (2/9)
 I - a wand of random effects (38/48)
Scrolls
 k - a scroll of immolation {unknown}
 l - a scroll of blinking {unknown}
 m - 2 scrolls of remove curse
 r - a scroll of random uselessness {unknown}
 v - a scroll of recharging
 w - a scroll of identify
Potions
 e - a potion of lignification
 g - a potion of brilliance
 s - a potion of haste {unknown}
 t - a potion of heal wounds {unknown}
 u - 2 potions of flight
 x - a potion of invisibility {unknown}
 C - a potion of cancellation
 J - a potion of cure mutation
Books
 i - a book of Envenomations

   Spells                             Type                      Level
   a - Spider Form                    Transmutation/Poison         3
   b - Olgreb's Toxic Radiance        Poison                       4
   c - Alistair's Intoxication        Transmutation/Poison         5
   d - Poisonous Cloud                Conjuration/Poison/Air       6
Comestibles
 f - 4 bread rations
 j - a beef jerky
 n - 2 meat rations


   Skills:
 - Level 2.0 Fighting
 * Level 8.6 Axes
 - Level 1.7 Throwing
 + Level 5.7 Armour
 - Level 2.6 Dodging


You had 7 spell levels left.
You didn't know any spells.

Dungeon Overview and Level Annotations

Branches:
Dungeon (6/15)             Temple (1/1) D:4

Altars:
Ashenzari
Cheibriados
Dithmenos
Elyvilon
Fedhas
Gozag
Kikubaaqudgha
Makhleb
Nemelex Xobeh
Okawaru
Pakellas
Qazlal
Ru
Sif Muna
Trog
Vehumet
Xom
Yredelemnul
Zin
The Shining One

Annotations:
D:4 Grinder
D:5 Menkaure


Innate Abilities, Weirdness & Mutations

You have a pair of antennae on your head.
You are partially covered in molten scales (AC +1).
You are immune to rotting.


Message History

You closely miss Menkaure.
Menkaure is moderately damaged.
Menkaure closely misses you.
Menkaure blazes with dark energy!
Menkaure hits you but does no damage.
There is a stone staircase leading down here.
Menkaure barely misses you.
You climb downwards.
There is a stone staircase leading up here.
Drink which item? (? for menu, Esc to quit)
Okay, then.
Read which item? (? for menu, Esc to quit)
Okay, then.
You hit Menkaure.
Menkaure is heavily damaged.
Menkaure closely misses you.
You hit Menkaure.
Menkaure is heavily damaged.
Menkaure closely misses you. Menkaure hits you!!
You die...

.....## ##.##.##
##......## .....#
#..).# ##...###
.....# ##.### #####
.....# #..## ....##
##...### ....#
#......## ...##
#.......##
...#######.....)M.##
..###........)..@[.#
###....#####......##
# ###### ########


You could see Menkaure.

Vanquished Creatures
  Prince Ribbit (D:5)
  Eustachio (D:5)
  Edmund (D:4)
  Duvessa (D:5)
  An ice beast (D:5)
  A sky beast (D:5)
  A centaur (D:3)
  Blork the orc (D:4)
  Dowan (D:5)
  A scorpion (D:4)
  2 crimson imps
  An orc priest (D:5)
  2 iguanas
  2 worker ants
  3 orc wizards
  Natasha (thrice) (D:3)
  A hound skeleton (D:4)
  Robin (D:2)
  7 gnolls
  6 adders
  2 shadow imps (D:5)
  An ooze (D:2)
  An adder skeleton (D:5)
  A worm (D:2)
  2 dart slugs (D:1)
  2 giant geckos
  10 orcs
  3 ball pythons
  9 bats
  A giant cockroach (D:4)
  14 hobgoblins
  15 jackals
  A quokka (D:4)
  5 giant newts
  17 goblins
  A jackal skeleton (D:4)
  6 kobolds
  A quokka skeleton (D:5)
  6 rats
136 creatures vanquished.

Vanquished Creatures (others)
  A plant (D:4)
1 creature vanquished.

Grand Total: 137 creatures vanquished

Notes
Turn   | Place    | Note
--------------------------------------------------------------
     0 | D:1      | Rekenzichi the Demonspawn Gladiator began the quest for the Orb.
     0 | D:1      | Reached XP level 1. HP: 16/16 MP: 1/1
   225 | D:1      | Reached skill level 3 in Axes
   225 | D:1      | Gained mutation: You are partially covered in molten scales (AC +1). [demonic ancestry]
   225 | D:1      | Reached XP level 2. HP: 22/22 MP: 2/2
   583 | D:1      | Reached skill level 1 in Armour
   745 | D:2      | Reached XP level 3. HP: 27/27 MP: 3/3
   764 | D:2      | Noticed Robin
   955 | D:2      | Killed Robin
  1086 | D:2      | Reached XP level 4. HP: 33/33 MP: 4/4
  1140 | D:2      | Reached skill level 4 in Axes
  1250 | D:2      | Found a stormy altar of Qazlal.
  1260 | D:2      | Found a bloodstained altar of Trog.
  1497 | D:3      | Noticed a centaur
  1604 | D:3      | Killed a centaur
  1604 | D:3      | Gained mutation: You are immune to rotting. [demonic ancestry]
  1604 | D:3      | Reached XP level 5. HP: 13/38 MP: 5/5
  1835 | D:3      | Found a faded altar to an unknown god.
  1962 | D:3      | Noticed Natasha
  1972 | D:3      | Killed Natasha
  1972 | D:3      | Reached skill level 5 in Axes
  2183 | D:3      | Noticed Natasha
  2189 | D:3      | Killed Natasha
  2311 | D:3      | Gained mutation: You have a pair of small antennae on your head. [demonic ancestry]
  2311 | D:3      | Reached XP level 6. HP: 40/44 MP: 6/6
  2329 | D:3      | Noticed Natasha
  2345 | D:3      | Killed Natasha
  2423 | D:4      | Noticed Grinder
  2540 | D:4      | Found a staircase to the Ecumenical Temple.
  2564 | Temple   | Entered the Ecumenical Temple
  2679 | Temple   | Became a worshipper of Warmaster Okawaru
  2750 | D:4      | Noticed Edmund
  3081 | D:4      | Killed Edmund
  3081 | D:4      | Reached skill level 6 in Axes
  3081 | D:4      | Reached XP level 7. HP: 50/50 MP: 7/7
  3255 | D:4      | Noticed Menkaure
  3393 | D:5      | Entered Level 5 of the Dungeon
  3452 | D:5      | Noticed Blork the orc
  3452 | D:5      | Noticed Duvessa
  3452 | D:5      | Noticed Dowan
  3490 | D:4      | Killed Blork the orc
  3675 | D:5      | Killed Duvessa
  3675 | D:5      | Reached * piety under Okawaru
  3675 | D:5      | Reached skill level 7 in Axes
  3688 | D:5      | Killed Dowan
  4079 | D:5      | Gained mutation: You have a pair of antennae on your head. [demonic ancestry]
  4079 | D:5      | Reached XP level 8. HP: 56/56 MP: 8/8
  4161 | D:5      | Noticed Prince Ribbit
  4197 | D:6      | Reached skill level 5 in Armour
  4422 | D:5      | Killed Prince Ribbit
  4422 | D:5      | Reached ** piety under Okawaru
  4422 | D:5      | Reached skill level 8 in Axes
  4631 | D:5      | Noticed Eustachio
  4652 | D:5      | Killed Eustachio
  5064 | D:5      | HP: 4/84 [poisoned by an orc wizard]
  5071 | D:5      | HP: 3/84 [poisoned by an orc wizard]
  5074 | D:5      | HP: 1/56 [poisoned by an orc wizard]
  5216 | D:5      | Mangled by Menkaure

Skill      XL: |  1  2  3  4  5  6  7  8 |
---------------+-------------------------+-----
Axes           | 3 4 5 6 7 8 |  8.6
Armour         | 1 2 3 4 5 |  5.7
Fighting       | |  2.0
Throwing       | |  1.7
Dodging        | |  2.6

Action                   |  1- 3 |  4- 6 |  7- 9 || total
-------------------------+-------+-------+-------++-------
Melee: War axe           |    94 |       |       ||    94
       Dagger            |    17 |       |       ||    17
       Mace              |    15 |   254 |   226 ||   495
 Fire: Blowgun           |       |    17 |    53 ||    70
  Use: Scroll            |       |    10 |       ||    10
       Potion            |       |     2 |     3 ||     5
  Eat: Chunk             |       |     7 |     4 ||    11
       Bread ration      |       |       |     1 ||     1
Armor: Leather armour    |    46 |    12 |       ||    58
       Scale mail        |       |   147 |   169 ||   316
       Skin              |       |       |    16 ||    16
Dodge: Dodged            |    99 |   161 |   147 ||   407
